 Dungeon Crawl Stone Soup version 0.28.0-45-g0d030f2227 (webtiles) character file.

Game seed: 5635828397587579185

19866 Fartwhistle the Protected (level 12, -8/103 HPs)
             Began as a Naga Transmuter on May 17, 2022.
             Was a High Priest of Cheibriados.
             Mangled by a swamp worm (18 damage)
             ... on level 2 of the Lair of Beasts.
             The game lasted 01:00:38 (19114 turns).

Fartwhistle the Protected (Naga Transmuter)        Turns: 19114, Time: 01:00:39

Health: -8/103     AC: 22    Str: 25    XL:     12   Next: 73%
Magic:  11/18      EV: 10    Int: 31    God:    Cheibriados [*****.]
Gold:   716        SH:  0    Dex: 23    Spells: 1/19 levels left

rFire   . . .      SeeInvis +     - Unarmed
rCold   + . .      Faith    .   (shield currently unavailable)
rNeg    . . .      Spirit   .   I - +8 chain mail of Wehod {rCorr}
rPois   +          Reflect  .   i - +0 helmet
rElec   .          Harm     .   p - +0 cloak
rCorr   +          Rampage  .   (gloves currently unavailable)
Will    ++...                   (no barding)
Stlth   ..........              (no amulet)
HPRegen 0.27/turn               j - ring of willpower
MPRegen 0.16/turn               C - ring of protection from cold

@: blade hands, very slow
A: AC +4, large, see invisible, deformed body, poison resistance, slowness 2,
spit poison 1, naga tail 1
a: Spit Poison, End Transformation, Renounce Religion, Bend Time, Temporal
Distortion, Slouch, Step From Time


You were on level 2 of the Lair of Beasts.
You worshipped Cheibriados.
Cheibriados was extremely pleased with you.
You had blades for hands.
You visited 3 branches of the dungeon, and saw 12 of its levels.
You also visited: Sewer.

You collected 716 gold pieces.

Inventory:

Missiles
 o - 9 boomerangs
 E - 2 throwing nets
Armour
 a - a +0 robe
 c - a +0 pair of gloves (melded)
 i - a +0 helmet (worn)
 n - +0 acid dragon scales
 p - a +0 cloak (worn)
 q - a +0 buckler (melded)
 I - the +8 chain mail of Wehod (worn) {rCorr}
   (You took it off an orc warrior on level 8 of the Dungeon)

   rCorr:     It protects you from acid and corrosion.
 L - the +15 plate armour of Supple Strength {Harm Drain rF+++ Dex+3}
   (You found it on level 2 of the Lair of Beasts)

   Dex:       It affects your dexterity (+3).
   rF:        It renders you almost immune to fire.
   Drain:     It drains your maximum health when unequipped.
   Harm:      It increases damage dealt and taken.
Magical Staves
 v - a staff of earth
Jewellery
 j - a ring of willpower (left blade hand)
 C - a ring of protection from cold (right blade hand)
 G - a ring of willpower
Wands
 x - a wand of iceblast (14)
 y - a wand of flame (22)
 A - a wand of acid (5)
 D - a wand of charming (10)
 M - a wand of mindburst (6)
Scrolls
 d - 2 scrolls of enchant weapon
 f - a scroll of blinking {unknown}
 g - 2 scrolls of amnesia
 k - 2 scrolls of fog {unknown}
 l - 3 scrolls of teleportation
 m - a scroll of silence
 r - 4 scrolls of vulnerability {unknown}
 s - 3 scrolls of enchant armour {unknown}
 t - a scroll of brand weapon {unknown}
 z - a scroll of magic mapping
 H - 4 scrolls of noise {unknown}
Potions
 b - 7 potions of haste
 e - 8 potions of curing
 h - a potion of resistance
 u - 4 potions of brilliance
 w - a potion of mutation
 B - 2 potions of lignification {unknown}
 F - 2 potions of magic {unknown}
 J - a potion of might
 K - a potion of ambrosia {unknown}


   Skills:
 - Level 5.5 Fighting
 * Level 10.2 Armour
 - Level 6.3 Dodging
 - Level 2.0 Shields
 - Level 7.8 Unarmed Combat
 - Level 4.0 Spellcasting
 + Level 9.9 Transmutations
 - Level 1.3 Ice Magic
 - Level 2.0 Poison Magic
 - Level 6.0 Invocations


You had one spell level left.
You knew the following spells:

 Your Spells              Type           Power      Damage    Failure   Level
a - Beastly Appendage     Tmut           100%       N/A       12%         1
b - Spider Form           Tmut/Pois      43%        N/A       41%         3
c - Ice Form              Ice/Tmut       41%        N/A       73%         4
d - Poisonous Vapours     Pois/Air       24%        N/A       73%         2
e - Blade Hands           Tmut           30%        N/A       54%         5
f - Conjure Flame         Conj/Fire      6%         6-21      94%         3

Your spell library contained the following spells:

 Spells                   Type           Power      Damage    Failure   Level
 Sting                    Tmut/Pois      100%       1d8       24%         1
 Foxfire                  Conj/Fire      24%        2x1d5     73%         1
 Wereblood                Tmut           61%        N/A       14%         2
 Ozocubu's Armour         Ice            14%        N/A       86%         3
 Alistair's Intoxication  Tmut/Pois      28%        N/A       91%         5
 Gell's Gravitas          Tloc           6%         N/A       94%         3
 Inner Flame              Hex/Fire       6%         N/A       94%         3
 Lesser Beckoning         Tloc           6%         N/A       94%         3
 Teleport Other           Tloc           6%         N/A       94%         3
 Irradiate                Conj/Tmut      18%        3d19      96%         5
 Olgreb's Toxic Radiance  Pois           18%        N/A       98%         4
 Flame Wave               Conj/Fire      6%         2d5       100%        4
 Borgnjor's Vile Clutch   Necr/Erth      3%         N/A       100%        5
 Conjure Ball Lightning   Conj/Air       3%         3x3d6     100%        6
 Eringya's Noxious Bog    Tmut/Pois      21%        N/A       100%        6
 Dragon Form              Tmut           30%        N/A       100%        7
 Ozocubu's Refrigeration  Ice            7%         4d6       100%        7
 Discord                  Hex            3%         N/A       100%        8
 Disjunction              Tloc           3%         N/A       100%        8


Dungeon Overview and Level Annotations

Branches:
Dungeon (9/15)             Temple (1/1) D:4            Lair (2/6) D:9
  Swamp (0/4) Lair:2        Sewer (visited)
  Snake: Lair:2-4    Spider: Lair:2-4       Orc: D:9-12

Altars:
Ashenzari
Cheibriados
Dithmenos
Elyvilon
Fedhas
Gozag
Hepliaklqana
Kikubaaqudgha
Makhleb
Nemelex Xobeh
Okawaru
Qazlal
Ru
Sif Muna
Trog
Uskayaw
Vehumet
Wu Jian
Xom
Yredelemnul
Zin
The Shining One

Annotations:
Lair:2 1 runed translucent door


Innate Abilities, Weirdness & Mutations

You have blades for hands.
Your spellcasting is less reliable in this form.
You are incapable of wielding weapons or throwing items.
Your serpentine skin is tough. (AC +4)
You have supernaturally acute eyesight. (SInv)
Armour fits poorly on your strangely shaped body.
Your system is resistant to poisons. (rPois)
You cover ground very slowly.
You can spit poison.
You have a snake-like lower body.


Message History

You closely miss the tyrant leech. You closely miss the tyrant leech.
The tyrant leech bites you.
The tyrant leech draws strength from your injuries!
You slice the tyrant leech!!
The tyrant leech is heavily wounded.
The tyrant leech bites you!
The tyrant leech draws strength from your injuries!
You hit the tyrant leech.
You slash the tyrant leech, but do no damage.
The tyrant leech is heavily wounded.
You slice the tyrant leech!!
The tyrant leech is almost dead.
The tyrant leech bites you but does no damage.
You hit the tyrant leech but do no damage.
The tyrant leech is almost dead.
The tyrant leech bites you!
* * * LOW HITPOINT WARNING * * *
The tyrant leech draws strength from your injuries!
You slice the tyrant leech!!
You kill the tyrant leech!
Cheibriados thoroughly appreciates the change of pace.
You closely miss the swamp worm.
Your hands revert to their normal proportions.
Your +0 pair of gloves unmelds from your body.
Your +0 buckler unmelds from your body.
The swamp worm bites you!
* * * LOW HITPOINT WARNING * * *
You feel better. The swamp worm closely misses you.
Unknown command.
Casting: Blade Hands (dangerous; 17% risk of failure)
Confirm with . or Enter, or press ? or * to list all spells.
Your hands turn into razor-sharp scythe blades.
Your +0 pair of gloves melds into your body.
Your +0 buckler melds into your body.
The swamp worm bites you but does no damage. x2
You slash the swamp worm!
The swamp worm is moderately wounded.
The swamp worm bites you!
* * * LOW HITPOINT WARNING * * *
You feel better. The swamp worm bites you!!
You die...

......##....#.##
........#...#..##
...#.....#......##
####.......<.....##
####
#######P.P#..#.####.P#
#P..#.........###
######...♣♣♣♣♣..#
#..♣♣ ♣♣## ##@♣
#.w§§§§♣ #♣♣♣§§§♣ ♣§♣
♣


You could see a swamp worm.

Vanquished Creatures
  A hydra (Lair:1)
  A centaur warrior (D:8)
  A two-headed ogre (D:9)
  Pikel (D:5)
  A deep elf pyromancer (D:8)
  2 black mambas (Lair:1)
  4 elephants (Lair:2)
  Maggie (D:6)
  An unseen horror (D:8)
  3 cane toads
  3 komodo dragons (Lair:1)
  A rime drake (Lair:1)
  2 tyrant leeches (Lair:2)
  4 blink frogs
  5 wyverns (D:9)
  A wraith (D:9)
  20 yaks
  2 basilisks
  2 steam dragons
  2 nagas (Lair:2)
  An acid dragon (D:8)
  10 water moccasins
  2 ice beasts
  3 orc warriors (D:8)
  3 sky beasts
  3 black bears
  2 ogres (D:5)
  3 necrophages (D:7)
  2 wolves (D:9)
  A phantom (D:6)
  8 centaurs
  19 bullfrogs
  A kobold brigand (D:8)
  Blork the orc (D:5)
  14 killer bees (D:9)
  3 howler monkeys (D:9)
  2 electric eels (D:6)
  6 centaur zombies
  A bullfrog zombie (D:6)
  A human zombie (D:7)
  A jelly (D:5)
  An orc priest (D:6)
  A gnoll shaman (D:8)
  2 hounds (D:5)
  Natasha (thrice) (D:4)
  Terence (D:3)
  5 iguanas
  2 orc wizards
  6 killer bee zombies
  A mummy (D:7)
  4 howler monkey zombies
  A howler monkey skeleton (D:7)
  9 adders
  3 river rats (Sewer)
  A shadow imp (D:5)
  2 white imps
  An ufetubus (D:5)
  An adder zombie (D:5)
  An adder skeleton (D:4)
  3 worms (D:2)
  A dart slug (D:2)
  21 orcs
  25 ball pythons
  5 endoplasms
  4 giant cockroaches
  12 hobgoblins
  2 jackals (D:1)
  3 quokkas
  6 bats
  7 frilled lizards
  5 goblins
  8 kobolds
  34 rats
326 creatures vanquished.

Vanquished Creatures (others)
  A tengu warrior (D:8)
  A killer bee (D:9)
  An ufetubus (D:6)
  6 fungi
  27 plants
36 creatures vanquished.

Grand Total: 362 creatures vanquished

Notes
Turn   | Place    | Note
-------+----------+-------------------------------------------
     0 | D:1      | Fartwhistle the Naga Transmuter began the quest for the
                  | Orb.
     0 | D:1      | Reached XP level 1. HP: 18/18 MP: 3/3
   450 | D:1      | Reached XP level 2. HP: 24/25 MP: 3/5
  1013 | D:1      | Reached XP level 3. HP: 30/31 MP: 6/6
  1354 | D:2      | Learned a level 3 spell: Spider Form
  1479 | D:2      | Reached skill level 1 in Poison Magic
  1654 | D:2      | Reached XP level 4. HP: 28/38 MP: 7/7
  2328 | D:3      | Noticed Terence
  2469 | D:3      | Found a glowing drain.
  2478 | Sewer    | Entered a sewer
  2588 | Sewer    | Reached XP level 5. HP: 39/44 MP: 2/8
  3317 | Sewer    | Reached XP level 6. HP: 30/51 MP: 5/9
  3320 | Sewer    | Reached skill level 5 in Transmutations
  3503 | Sewer    | Learned a level 4 spell: Ice Form
  3564 | D:3      | Killed Terence
  4508 | D:4      | Reached skill level 1 in Ice Magic
  4508 | D:4      | Reached XP level 7. HP: 27/57 MP: 7/10
  4665 | D:4      | Found a hide-covered altar of Uskayaw.
  4856 | D:4      | Noticed Natasha
  4867 | D:4      | Killed Natasha
  5026 | D:4      | Found a staircase to the Ecumenical Temple.
  5033 | D:4      | Identified the +0 dagger "Mizatz" {pain, Will+ Str+7}
  5037 | Temple   | Entered the Ecumenical Temple
  5047 | Temple   | Became a worshipper of Cheibriados the Contemplative
  5224 | D:4      | Noticed Natasha
  5230 | D:4      | Killed Natasha
  5234 | D:4      | Learned a level 2 spell: Poisonous Vapours
  5445 | D:4      | Found a shimmering blue altar of Sif Muna.
  5669 | D:4      | Noticed Natasha
  5679 | D:4      | Killed Natasha
  5792 | D:5      | Entered Level 5 of the Dungeon
  5875 | D:5      | Noticed Pikel
  5901 | D:5      | Killed Pikel
  5902 | D:5      | Reached XP level 8. HP: 37/68 MP: 4/12
  6951 | D:5      | Reached * piety under Cheibriados
  6958 | D:5      | Learned a level 5 spell: Blade Hands
  6978 | D:5      | Noticed Blork the orc
  6988 | D:5      | Killed Blork the orc
  6989 | D:5      | Reached XP level 9. HP: 58/78 MP: 6/15
  7666 | D:6      | Reached skill level 5 in Unarmed Combat
  7852 | D:6      | Noticed Maggie
  8028 | D:6      | Killed Maggie
  9543 | D:7      | Reached skill level 1 in Invocations
  9764 | D:7      | Reached ** piety under Cheibriados
 10052 | D:7      | Found a basalt altar of Yredelemnul.
 10124 | D:7      | Found a large runed translucent door.
 10125 | D:7      | Found a large runed translucent door.
 10343 | D:7      | Reached XP level 10. HP: 84/87 MP: 10/16
 10769 | D:7      | Reached skill level 5 in Dodging
 11337 | D:7      | Found a bloodstained altar of Trog.
 11340 | D:7      | Found an ancient bone altar of Kikubaaqudgha.
 11465 | D:8      | Noticed a tengu warrior
 11466 | D:8      | Noticed a centaur warrior
 11468 | D:8      | Noticed a deep elf pyromancer
 11485 | D:8      | Killed a tengu warrior
 11877 | D:8      | Reached skill level 5 in Invocations
 12513 | D:8      | Reached *** piety under Cheibriados
 12621 | D:8      | Identified the +8 chain mail of Wehod {rCorr}
 12683 | D:8      | Killed a centaur warrior
 12873 | D:8      | Reached skill level 5 in Fighting
 12914 | D:8      | Noticed an unseen horror
 12918 | D:8      | Killed an unseen horror
 13057 | D:8      | Killed a deep elf pyromancer
 13058 | D:8      | Reached XP level 11. HP: 21/96 MP: 8/17
 13384 | D:8      | Found a glowing golden altar of the Shining One.
 14095 | D:8      | Reached skill level 1 in Armour
 14101 | D:9      | Reached skill level 1 in Shields
 14342 | D:9      | Reached **** piety under Cheibriados
 14359 | D:9      | Reached skill level 2 in Armour
 14519 | D:9      | Found a staircase to the Lair.
 14550 | D:9      | Found a white marble altar of Elyvilon.
 14921 | D:9      | Reached skill level 3 in Armour
 15125 | D:9      | Found a blossoming altar of Fedhas.
 15756 | D:9      | Reached ***** piety under Cheibriados
 15757 | D:9      | Reached skill level 4 in Armour
 15914 | D:9      | Noticed a two-headed ogre
 15921 | D:9      | Killed a two-headed ogre
 15928 | D:9      | Reached skill level 5 in Armour
 16256 | Lair:1   | Entered Level 1 of the Lair of Beasts
 16493 | D:9      | Reached skill level 6 in Armour
 16912 | Lair:1   | Reached skill level 7 in Armour
 16912 | Lair:1   | Reached XP level 12. HP: 87/103 MP: 14/18
 17142 | Lair:1   | Identified the +6 morningstar "Etaasil" {venom, rF++ Str-4}
 17163 | Lair:1   | Learned a level 3 spell: Conjure Flame
 17299 | Lair:1   | Reached skill level 8 in Armour
 17431 | Lair:1   | Noticed a five-headed hydra
 17439 | Lair:1   | Killed a five-headed hydra
 17814 | Lair:1   | Reached skill level 9 in Armour
 18526 | Lair:2   | Found a runed translucent door.
 18582 | Lair:2   | Identified the +3 ring mail of the Equator {rC+ Dex+4}
 18671 | Lair:2   | Reached skill level 10 in Armour
 18950 | Lair:2   | Identified the +15 plate armour of Supple Strength {Harm
                  | Drain rF+++ Dex+3}
 19093 | Lair:2   | Found a staircase to the Swamp.
 19113 | Lair:2   | HP: 4/103 [swamp worm (15)]
 19114 | Lair:2   | Mangled by a swamp worm

Illustrated notes

Levels and vault maps discovered:
D:1:      ncdulo_watergridlock, layout_rooms, amcnicky_mini_corridor_feature,
          serial_park_tiny_pond
D:2:      layout_rooms, hangedman_decor_points, minmay_fractal_squares_5
D:3:      layout_basic, portal_sewer_entry_e, minmay_joined_circles,
          uniq_terence
D:4:      layout_basic, overflow_temple_1_default,
          mainiacjoe_overflow_cross_hatched, minmay_temple_entry_slanted,
          uniq_natasha
D:5:      layout_basic, uniq_blork_the_orc, uniq_pikel
D:6:      layout_loops_ring, chequers_big_river, uniq_maggie
D:7:      layout_layer_cave, lemuel_mausoleum_altar_yredelemnul,
          jmf_multi_god_temple2, corner_web_ring, kennysheep_potato
D:8:      minmay_the_grid_square_5x5_3x3
          [minmay_the_grid_square_5x5_doubleslash,
          minmay_the_grid_square_5x5_shuriken, minmay_the_grid_square_5x5_seven,
          minmay_the_grid_square_5x5_three_small,
          minmay_the_grid_square_5x5_megaprize_crossed,
          minmay_the_grid_square_5x5_beaten_path,
          minmay_the_grid_square_5x5_minibox, minmay_the_grid_square_5x5_mess,
          minmay_the_grid_square_5x5_detours], layout_loops_ring, tso_altar
D:9:      layout_gridville, nicolae_overflow_crystal_walls,
          general_overflow_altar, minmay_lair_entry_grove
Temple:   eino_temple_lava
Lair:1:   layout_hall_layers, infiniplex_staircase_pool_2, grunt_megastairs_2
Lair:2:   layout_misc_corridors, minmay_swamp_entry_worms,
          guppyfry_snake_entry_island, ebering_ghost_funeral_grove

Skill      XL: |  1  2  3  4  5  6  7  8  9 10 11 12 |
---------------+-------------------------------------+-----
Transmutations | 3 4 5 7 8 9 |  9.9
Poison Magic   | 1 2 |  2.0
Dodging        | 2 4 6 |  6.3
Unarmed Combat | 4 6 7 |  7.8
Ice Magic      | 1 |  1.3
Fighting       | 2 3 4 5 |  5.5
Spellcasting   | 3 4 |  4.0
Invocations    | 3 5 6 |  6.0
Armour         | 7 10 | 10.2
Shields        | 2 |  2.0

Action                   |  1- 3 |  4- 6 |  7- 9 | 10-12 || total
-------------------------+-------+-------+-------+-------++-------
Melee: Unarmed           |   121 |   304 |   224 |   349 ||   998
       Headbutt          |    13 |    14 |       |     1 ||    28
       Punch             |       |     3 |     6 |    25 ||    34
 Cast: Beastly Appendage |    15 |    11 |       |     2 ||    28
       Spider Form       |       |    14 |    11 |       ||    25
       Poisonous Vapours |       |       |    20 |    18 ||    38
       Ice Form          |       |       |     3 |       ||     3
       Blade Hands       |       |       |    20 |    59 ||    79
       Conjure Flame     |       |       |       |     1 ||     1
Invok: Bend Time         |       |       |       |     3 ||     3
       Slouch            |       |       |       |     3 ||     3
 Abil: Spit Poison       |    12 |     9 |    13 |    10 ||    44
Evoke: Wand              |       |       |       |     9 ||     9
  Use: Scroll            |       |     5 |     7 |     5 ||    17
       Potion            |       |       |       |     8 ||     8
 Stab: Sleeping          |       |     1 |       |       ||     1
Armor: Robe              |    37 |    50 |    52 |    16 ||   155
       Skin              |       |    13 |     2 |     1 ||    16
       Acid dragon scale |       |       |       |   101 ||   101
       Chain mail        |       |       |       |    24 ||    24
Dodge: Dodged            |    42 |   264 |   149 |   256 ||   711
Block: Buckler           |       |       |       |     9 ||     9
